 Dungeon Crawl Stone Soup version 0.24-a0-342-gad4687c37d (webtiles) character file.

Game seed: 4993089485022938335

3798088 D1HalberdGnoll the Conqueror (level 27, 199/199 HPs)
             Began as a Gargoyle Monk on May 21, 2019.
             Was the Champion of the Shining One.
             Escaped with the Orb
             ... and 6 runes!
             The game lasted 02:53:37 (85074 turns).

D1HalberdGnoll the Conqueror (Gargoyle Monk)       Turns: 85074, Time: 02:53:37

Health: 199/199    AC: 69    Str: 26    XL:     27
Magic:  28/28      EV: 15    Int:  7    God:    the Shining One [******]
Gold:   9671       SH: 36    Dex: 12    Spells: 26/26 levels left

rFire    + + +     SeeInvis .   T - +9 sacred scourge (holy)
rCold    + + .     Gourm    .   k - +10 large shield of Ignorance {rN+ Int-4}
rNeg     + + +     Faith    .   v - +12 gold dragon scales
rPois    ∞         Spirit   +   (helmet restricted)
rElec    +         Reflect  .   b - +4 dragonskin cloak
rCorr    .         Harm     .   p - +2 pair of gloves
MR       +++..     Rnd*Tele +   o - +2 pair of boots
Stlth    ..........             V - amulet of the Past {Spirit rF+ MR+}
HPRegen  0.43/turn              A - ring of protection from cold
MPRegen  0.21/turn              d - +3 ring of slaying

@: glowing
A: antennae 1, big wings, blurry vision 2, deformed body, deterioration 1, dopey
1, low mp 3, negative energy resistance 1, shaggy fur 1, electricity resistance,
inhibited regeneration, teleportitis 1, wild magic 1, unbreathing, petrification
resistance, rot immunity, AC +20
0: Orb of Zot
}: 6/15 runes: decaying, slimy, silver, golden, abyssal, gossamer
a: Fly, Divine Shield, Cleansing Flame, Summon Divine Warrior, Renounce Religion


You escaped.
You worshipped the Shining One.
The Shining One was exalted by your worship.
You were not hungry.

You visited 13 branches of the dungeon, and saw 61 of its levels.
You visited the Abyss 1 time.
You also visited: Volcano.

You collected 12741 gold pieces.
You spent 3070 gold pieces at shops.

Inventory:

Hand Weapons
 T - a +9 sacred scourge of holy wrath (weapon)
Missiles
 g - 4 throwing nets (quivered)
Armour
 b - the +4 dragonskin cloak (worn)
   (You took it off Tiamat on level 1 of the Realm of Zot)
 k - the +10 large shield of Ignorance (worn) {rN+ Int-4}
   (You acquired it on level 3 of the Depths)

   It affects your intelligence (-4).
   It protects you from negative energy.
 o - a +2 pair of boots (worn)
 p - a +2 pair of gloves (worn)
 v - +12 gold dragon scales (worn)
 U - the +2 faerie dragon scales {rCorr Int+7 Clar}
   (You took it off the Enchantress on level 1 of the Depths)

   It affects your intelligence (+7).
   It protects you against confusion.
   It provides partial protection from all sources of acid and corrosion.
Jewellery
 d - a +3 ring of slaying (right hand)
 A - a ring of protection from cold (left hand)
 V - the amulet of the Past (around neck) {Spirit rF+ MR+}
   (You found it on level 3 of the Tomb of the Ancients)

   [amulet of guardian spirit]

   It causes incoming damage to be split between your health and magic.
   It protects you from fire.
   It affects your resistance to hostile enchantments.
 X - an uncursed amulet of regeneration
Wands
 r - a wand of digging (23)
 D - a wand of acid (57)
Scrolls
 e - 12 scrolls of identify
 f - 9 scrolls of teleportation
 h - a scroll of silence
 j - 31 scrolls of remove curse
 n - 2 scrolls of enchant weapon
 t - a scroll of summoning
 x - 9 scrolls of fear
 z - 6 scrolls of enchant armour
 I - 4 scrolls of holy word
 L - 12 scrolls of fog
 M - 5 scrolls of brand weapon
 N - 4 scrolls of magic mapping
 P - 7 scrolls of blinking
Potions
 i - a potion of brilliance
 l - 3 potions of ambrosia
 m - 2 potions of heal wounds
 u - 3 potions of resistance
 C - 4 potions of might
 F - 13 potions of curing
 J - 4 potions of agility
 O - 3 potions of haste
 Q - a potion of magic
Miscellaneous
 a - 4 phantom mirrors
 B - a lamp of fire
Comestibles
 c - 72 rations


   Skills:
 O Level 27 Fighting
 - Level 16.0 Maces & Flails
 O Level 27 Armour
 + Level 17.2 Dodging
 - Level 2.1 Stealth
 - Level 25.0 Shields
 - Level 0.2 Spellcasting
 O Level 27 Invocations


You had 26 spell levels left.
You didn't know any spells.
Your spell library contained the following spells:

 Spells                   Type           Power        Failure   Level  Hunger
 Animate Skeleton         Necr           N/A          98%         1    ##.....
 Apportation              Tloc           #.....       98%         1    ##.....
 Beastly Appendage        Tmut           #.....       98%         1    ##.....
 Confusing Touch          Hex            #.....       98%         1    ##.....
 Corona                   Hex            #......      98%         1    ##.....
 Freeze                   Ice            #...         98%         1    ##.....
 Infusion                 Chrm           #...         98%         1    ##.....
 Magic Dart               Conj           #...         98%         1    ##.....
 Pain                     Necr           #...         98%         1    ##.....
 Sandblast                Erth           #.....       98%         1    ##.....
 Sting                    Conj/Pois      #...         98%         1    ##.....
 Summon Small Mammal      Summ           #...         98%         1    ##.....
 Blink                    Tloc           N/A          99%         2    ###....
 Call Imp                 Summ           #.......     99%         2    ###....
 Corpse Rot               Necr           N/A          99%         2    ###....
 Ensorcelled Hibernation  Hex/Ice        #.....       99%         2    ###....
 Passwall                 Tmut/Erth      #.......     99%         2    ###....
 Poisonous Vapours        Pois/Air       #.....       99%         2    ###....
 Shroud of Golubria       Chrm/Tloc      #.........   99%         2    ###....
 Slow                     Hex            #.......     99%         2    ###....
 Song of Slaying          Chrm           #.......     99%         2    ###....
 Sticks to Snakes         Tmut           #.......     99%         2    ###....
 Swiftness                Chrm/Air       #.......     99%         2    ###....
 Throw Frost              Conj/Ice       #.....       99%         2    ###....
 Call Canine Familiar     Summ           #.......     100%        3    ####...
 Confuse                  Hex            #.......     100%        3    ####...
 Conjure Flame            Conj/Fire      #.......     100%        3    ####...
 Dazzling Spray           Conj/Hex       #.....       100%        3    ####...
 Gell's Gravitas          Tloc           #.........   100%        3    ####...
 Ignite Poison            Fire/Tmut/Pois #.......     100%        3    ####...
 Inner Flame              Hex/Fire       #.......     100%        3    ####...
 Lesser Beckoning         Tloc           #.........   100%        3    ####...
 Mephitic Cloud           Conj/Pois/Air  #.......     100%        3    ####...
 Ozocubu's Armour         Chrm/Ice       #.......     100%        3    ####...
 Portal Projectile        Hex/Tloc       #.....       100%        3    ####...
 Recall                   Summ/Tloc      N/A          100%        3    ####...
 Regeneration             Chrm/Necr      #.........   100%        3    ####...
 Spectral Weapon          Hex/Chrm       #.......     100%        3    ####...
 Spider Form              Tmut/Pois      #.........   100%        3    ####...
 Static Discharge         Conj/Air       #.......     100%        3    ####...
 Stone Arrow              Conj/Erth      #.....       100%        3    ####...
 Summon Guardian Golem    Hex/Summ       #.......     100%        3    ####...
 Teleport Other           Tloc           #.......     100%        3    ####...
 Tukima's Dance           Hex            #.......     100%        3    ####...
 Vampiric Draining        Necr           #.........   100%        3    ####...
 Animate Dead             Necr           N/A          100%        4    #####..
 Cause Fear               Hex            #.........   100%        4    #####..
 Ice Form                 Ice/Tmut       #.......     100%        4    #####..
 Leda's Liquefaction      Hex/Erth       #.........   100%        4    #####..
 Olgreb's Toxic Radiance  Pois           #.......     100%        4    #####..
 Petrify                  Tmut/Erth      #.......     100%        4    #####..
 Summon Ice Beast         Ice/Summ       #.......     100%        4    #####..
 Summon Lightning Spire   Summ/Air       #.......     100%        4    #####..
 Throw Icicle             Conj/Ice       #.......     100%        4    #####..
 Agony                    Necr           #.......     100%        5    ######.
 Aura of Abjuration       Summ           #.........   100%        5    ######.
 Blade Hands              Tmut           #.........   100%        5    ######.
 Bolt of Draining         Conj/Necr      #.........   100%        5    ######.
 Bolt of Magma            Conj/Fire/Erth #.........   100%        5    ######.
 Borgnjor's Vile Clutch   Necr/Erth      #.........   100%        5    ######.
 Dispel Undead            Necr           #.......     100%        5    ######.
 Excruciating Wounds      Chrm/Necr      #.........   100%        5    ######.
 Fireball                 Conj/Fire      #.........   100%        5    ######.
 Lee's Rapid Deconstruct  Erth           #.........   100%        5    ######.
 Metabolic Englaciation   Hex/Ice        #.........   100%        5    ######.
 Silence                  Hex/Air        #.........   100%        5    ######.
 Summon Demon             Summ           #.........   100%        5    ######.
 Summon Forest            Summ/Tloc      #.........   100%        5    ######.
 Summon Mana Viper        Hex/Summ       #.......     100%        5    ######.
 Venom Bolt               Conj/Pois      #.........   100%        5    ######.
 Yara's Violent Unravell  Hex/Tmut       #.........   100%        5    ######.
 Bolt of Cold             Conj/Ice       #.........   100%        6    #######
 Bolt of Fire             Conj/Fire      #.........   100%        6    #######
 Conjure Ball Lightning   Conj/Air       #.........   100%        6    #######
 Darkness                 Hex            #.........   100%        6    #######
 Death Channel            Necr           #.........   100%        6    #######
 Deflect Missiles         Chrm/Air       #.........   100%        6    #######
 Freezing Cloud           Conj/Ice/Air   #.........   100%        6    #######
 Invisibility             Hex            #.......     100%        6    #######
 Iron Shot                Conj/Erth      #.........   100%        6    #######
 Ozocubu's Refrigeration  Ice            #.........   100%        6    #######
 Poison Arrow             Conj/Pois      #.........   100%        6    #######
 Shadow Creatures         Summ           N/A          100%        6    #######
 Simulacrum               Ice/Necr       #.........   100%        6    #######
 Malign Gateway           Summ/Tloc      #.........   100%        7    #######
 Monstrous Menagerie      Summ           #.........   100%        7    #######
 Ring of Flames           Chrm/Fire      #.........   100%        7    #######
 Summon Greater Demon     Summ           #.........   100%        7    #######
 Chain Lightning          Conj/Air       #.........   100%        8    #######
 Controlled Blink         Tloc           N/A          100%        8    #######
 Discord                  Hex            #.........   100%        8    #######
 Ignition                 Fire           #.........   100%        8    #######
 Lehudib's Crystal Spear  Conj/Erth      #.........   100%        8    #######
 Summon Horrible Things   Summ           #.........   100%        8    #######
 Fire Storm               Conj/Fire      #.........   100%        9    #######
 Glaciate                 Conj/Ice       #.........   100%        9    #######
 Shatter                  Erth           #.........   100%        9    #######
 Tornado                  Air            #.........   100%        9    #######
 Sublimation of Blood     Necr           Unusable     N/A         2    N/A
 Passage of Golubria      Tloc           Unusable     N/A         4    N/A
 Statue Form              Tmut/Erth      Unusable     N/A         6    N/A

Dungeon Overview and Level Annotations

Branches:
Dungeon (15/15)            Temple (1/1) D:4            Lair (6/6) D:11
  Swamp (4/4) Lair:4       Spider (4/4) Lair:2        Slime (5/5) Lair:6
    Orc (2/2) D:11            Elf (3/3) Orc:2        Vaults (5/5) D:14
  Crypt (3/3) Vaults:3       Tomb (3/3) Crypt:3      Depths (5/5) D:15
    Zot (5/5) Depths:5

Altars:
Ashenzari
Cheibriados
Dithmenos
Elyvilon
Fedhas
Gozag
Hepliaklqana
Kikubaaqudgha
Makhleb
Nemelex Xobeh
Okawaru
Qazlal
Ru
Sif Muna
Trog
Uskayaw
Vehumet
Wu Jian
Xom
Yredelemnul
Zin
The Shining One

Shops:
D:5 }   D:6 *   D:11 =   D:12 *   Orc:2 *[?*((:   Elf:2 ?   Elf:3 [
Vaults:1 :   Depths:5 %

Portals:
Hell: Depths:1 Depths:3 Depths:4 Depths:5
Abyss: Depths:1 Depths:4 Depths:5
Pandemonium: Depths:3 Depths:5
Ziggurat: Depths:4

Annotations:
D:13 1 transporter
Swamp:4 2 transporters, Yosebu's ghost, adept MfGl
Spider:3 3 runed translucent doors, exclusion: 3 doors, Etaefiv's ghost, adept FoFi
Zot:1 2 transporters, P0WERM0DE's ghost, adept DDFi


Innate Abilities, Weirdness & Mutations

You are resistant to torment.
Your stone body is resilient. (AC +20)
You are immune to poison.
Your large and strong wings let you fly indefinitely.
You resist negative energy. (rN+)
You are resistant to electric shocks. (rElec)
You can survive without breathing.
You are immune to petrification.
You are immune to rotting.
You have a pair of small antennae on your head.
Scrolls take you longer to read.
Armour fits poorly on your strangely shaped body.
Your body sometimes deteriorates upon taking damage.
You are dopey. (Int -2)
Your magical capacity is extremely low. (-30% MP)
You are covered in fur. (AC +1)
You do not regenerate when monsters are visible.
You are occasionally teleported next to monsters.
Your spells are a little harder to cast, but a little more powerful.


Message History

(D) Dungeon (T) Temple (L) Lair (S) Swamp (N) Spider Nest (M) Slime Pits (O) Orcish Mines (E) Elven Halls (V) Vaults (C) Crypt (W) Tomb (U) Depths (H) Hell (Z) Zot
Where to? (Enter - D:1 @ (x,y), ? - help)
What level of the Dungeon? (default 1, ? - help)
You are feeling very hungry.
You eat one of the 73 rations.
That ration really hit the spot!
(D) Dungeon (T) Temple (L) Lair (S) Swamp (N) Spider Nest (M) Slime Pits (O) Orcish Mines (E) Elven Halls (V) Vaults (C) Crypt (W) Tomb (U) Depths (H) Hell (Z) Zot
Where to? (Enter - D:1 @ (x,y), ? - help)
What level of the Dungeon? (default 1, ? - help) HP restored.
There is an open door here.
There is a fountain of clear blue water here.
There is a staircase leading out of the dungeon here.
Okay, then.
You have escaped!

#.#..###.....####...# #.......
#.##.##...........### #.......
#..#..........###### #.......
##.###....#........### #....(..
###..........#...##...###.......
##...†##...#.........#....#......
...#.###.#.##[.#'#..##.##........
..##.# #.#..####⌠####..##.....###
..##.# ###8..++⌠@⌠++..8##.....#
..##.# ###..####⌠####..##.....#
..##.# #...##..#+#..##.##.....#
####.###...#.........#.##.....#
#.....#...................####
#....####.................##..
#....# #.................#..#
##...# #.#########...........
#...# #.................####


There were no monsters in sight!

Vanquished Creatures
  the Royal Jelly (Slime:5)
  Tiamat (Zot:1)
  6 ancient liches
  Mennas (Vaults:4)
  2 orbs of fire
  A juggernaut (Abyss:3)
  16 greater mummies
  Bai Suzhen (Crypt:3)
  Margery (Vaults:2)
  8 Killer Klowns
  Xtahua (Depths:3)
  4 caustic shrikes (Depths:5)
  13 golden dragons
  3 profane servitors
  2 pandemonium lords
  the Enchantress (Depths:1)
  5 bone dragons
  Jory (Depths:3)
  Jorgrun (Orc:1)
  2 electric golems
  13 tentacled monstrosities
  The ghost of Tytil the Champion of Chaos, an adept DDFi of Makhleb (Depths:1)
  8 liches
  A Hell Sentinel (Abyss:1)
  A shard shrike skeleton (Crypt:2)
  A deep elf blademaster (Elf:2)
  2 deep elf master archers (Elf:3)
  Asterion (Depths:1)
  26 Orb Guardians
  5 titans (Vaults:5)
  23 acid blobs
  6 quicksilver dragons
  18 tentacled starspawn
  2 Executioners (Abyss:3)
  6 sphinxes
  9 death cobs
  Gastronok (Lair:1)
  3 tengu reavers (Vaults:5)
  18 storm dragons
  4 ancient champions
  5 thorn hunters (Swamp:4)
  5 revenants
  Donald (Vaults:4)
  11 shadow dragons
  8 draconian monks
  A daeva (Abyss:3)
  5 frost giants
  10 azure jellies
  4 ghost moths
  6 fire giants
  7 draconian scorchers
  4 balrugs
  9 draconian knights
  An orc warlord (Orc:1)
  6 iron dragons
  9 deep elf sorcerers
  15 vault wardens
  5 emperor scorpions
  5 spriggan defenders
  18 ironheart preservers
  Aizul (Depths:1)
  9 draconian shifters
  A cacodemon (Abyss:2)
  8 deep elf elementalists
  6 draconian annihilators
  An angel (Abyss:3)
  A reaper (Depths:5)
  5 draconian stormcallers
  4 ghouls
  3 war gargoyles
  A curse skull (Crypt:2)
  6 vampire knights
  2 ophanim (Abyss:3)
  4 bennus
  14 stone giants
  9 entropy weavers
  12 purple draconians
  18 black draconians
  16 green draconians
  11 deep elf annihilators
  9 very ugly things
  7 spark wasps
  5 deep elf demonologists
  A dire elephant (Lair:5)
  9 yellow draconians
  7 white draconians
  11 red draconians
  The ghost of Execuda the Acrobat, a journeyman FeBe of Trog (Spider:4)
  2 blizzard demons
  11 ettins
  18 mummy priests
  15 deep elf death magi
  6 eidola
  8 death oozes
  15 jiangshi
  12 fire dragons
  Josephine (Lair:4)
  15 great orbs of eyes
  23 hydras
  8 deep elf high priests
  18 yaktaur captains
  Harold (D:7)
  6 rakshasas
  10 ice dragons
  2 shambling mangroves
  27 vault guards
  2 naga warriors (Abyss:3)
  4 spriggan air magi
  A quicksilver dragon skeleton (Crypt:1)
  10 ogre magi
  9 death knights
  2 monstrous demonspawn
  72 death scarabs
  12 centaur warriors
  A two-headed ogre (shapeshifter) (Depths:2)
  5 deep troll earth magi
  33 dancing weapons
  38 two-headed ogres
  12 alligators
  3 deep troll shamans (Depths:3)
  A queen ant (Spider:2)
  2 tengu warriors
  4 hell hogs (Abyss:3)
  A titan zombie (Abyss:2)
  32 thrashing horrors
  4 titan skeletons (Crypt:2)
  2 orc high priests
  4 vampire magi
  16 hell knights
  30 deep elf knights
  4 soul eaters
  4 spriggan berserkers
  8 sun demons
  An iron troll (Depths:3)
  46 skeletal warriors
  2 spectral minotaurs (Depths:4)
  14 wretched stars
  4 spatial maelstroms
  9 glowing orange brains
  33 large abominations
  3 sixfirhies
  A spectral anaconda (Depths:4)
  2 cherubim (Abyss:3)
  A death drake (Depths:3)
  5 wizards
  10 shadow wraiths
  3 shadow demons
  A death drake (shapeshifter) (Abyss:3)
  8 unseen horrors
  A torturous demonspawn (Depths:5)
  22 deep trolls
  19 deep elf archers
  An unseen horror (shapeshifter) (Vaults:5)
  8 spriggan druids
  11 flayed ghosts
  A lindwurm (shapeshifter) (Depths:2)
  15 ironbrand convokers
  21 phantasmal warriors
  5 lindwurms
  12 swamp dragons
  50 starcursed masses
  2 orange crystal statues (Depths:4)
  3 mana vipers (Depths:4)
  An orb spider (shapeshifter) (D:14)
  A shadow dragon zombie (Abyss:1)
  13 orc knights
  21 orb spiders
  8 necromancers
  2 wolf spider zombies
  2 frost giant zombies
  3 oklob plants (Lair:6)
  2 orc sorcerers (Orc:2)
  29 wolf spiders
  20 ugly things
  86 slime creatures
  3 salamanders (Volcano)
  A shadow dragon skeleton (Tomb:3)
  73 deep elf magi
  4 centaur zombies
  20 elephants (Lair:5)
  5 cyclopes
  3 manticores
  20 moths of wrath
  7 shining eyes
  A salamander (shapeshifter) (Vaults:5)
  3 manticores (shapeshifter)
  8 worldbinders
  10 vault sentinels
  A water nymph (shapeshifter) (Vaults:5)
  A guardian serpent (shapeshifter) (Vaults:2)
  A dire elephant zombie (Crypt:1)
  2 fire giant skeletons
  9 black mambas
  A frost giant skeleton (Tomb:1)
  A guardian serpent (Abyss:3)
  A titan simulacrum (Crypt:3)
  An apocalypse crab (Abyss:2)
  Psyche (D:10)
  7 orange demons
  12 smoke demons
  An eye of devastation (Slime:5)
  5 rust devils
  23 spiny frogs
  A spiny frog (shapeshifter) (Abyss:1)
  3 gargoyles
  A kobold demonologist (D:12)
  2 dire elephant skeletons
  A hellion (Abyss:3)
  A rime drake (shapeshifter) (Vaults:3)
  77 yaktaurs
  3 ice devils
  A green draconian zombie (Crypt:1)
  3 torpor snails
  4 rime drakes
  14 demonic crawlers
  3 hellwings
  2 efreet (Abyss:3)
  20 freezing wraiths
  11 ancient zymes
  12 komodo dragons
  A queen bee (Lair:3)
  6 red devils
  6 trolls
  A queen bee (shapeshifter) (Depths:3)
  A silent spectre (Abyss:1)
  29 jumping spiders
  A meliai (shapeshifter) (Abyss:3)
  37 guardian mummies
  A harpy zombie (Tomb:2)
  5 tengu conjurers
  2 polar bears (Lair:6)
  A hydra zombie (Abyss:3)
  A troll (shapeshifter) (Vaults:2)
  28 hornets
  22 tyrant leeches
  Grinder (D:3)
  8 bog bodies
  A dream sheep (shapeshifter) (Depths:1)
  2 fire dragon zombies
  2 ice dragon zombies
  4 dream sheep (Lair:6)
  51 blink frogs
  A blink frog (shapeshifter) (D:13)
  A hippogriff (shapeshifter) (Vaults:2)
  54 raiju
  11 hippogriffs
  A human simulacrum (Vaults:3)
  A fire giant simulacrum (Crypt:3)
  A stone giant simulacrum (Crypt:2)
  A satyr zombie (Crypt:2)
  A snapping turtle (shapeshifter) (Elf:3)
  An ettin zombie (Abyss:2)
  10 shadows
  3 air elementals
  A black mamba zombie (Tomb:2)
  71 redbacks
  An ettin skeleton (Abyss:3)
  31 spriggans
  74 flying skulls
  6 water elementals
  A fire dragon skeleton (Crypt:2)
  2 tarantellas (shapeshifter)
  13 ynoxinuls
  39 small abominations
  3 vampires
  5 fire bats
  A basilisk (shapeshifter) (D:13)
  A human (shapeshifter) (Vaults:4)
  25 wraiths
  33 tarantellas
  16 ushabtiu
  4 wyverns
  37 yaks
  4 hogs (D:7)
  A hungry ghost (D:12)
  3 golden eyes (Slime:5)
  A human (D:7)
  9 neqoxecs
  Eustachio (D:6)
  A golden eye (shapeshifter) (Vaults:4)
  30 vampire mosquitoes
  2 basilisks
  9 chaos spawn
  6 fire elementals
  A steam dragon (D:11)
  4 spatial vortices
  A harpy simulacrum (Crypt:2)
  A minotaur simulacrum (Depths:4)
  5 wargs
  18 insubstantial wisps
  3 acid dragons
  33 swamp worms
  A monstrous demonspawn zombie (Crypt:1)
  Edmund (D:6)
  3 nagas (Abyss:3)
  9 hell hounds
  18 soldier ants
  A hydra simulacrum (Depths:4)
  A water nymph skeleton (Crypt:1)
  A floating eye (shapeshifter) (Depths:3)
  3 floating eyes
  3 porcupines
  2 spectral spriggans (Depths:4)
  Duvessa (D:6)
  A spiny frog zombie (Crypt:2)
  4 spectral trolls (Depths:4)
  34 orc warriors
  4 water moccasins
  A spiny frog skeleton (Tomb:1)
  14 swamp drakes
  6 eyes of draining
  3 ice beasts
  2 snapping turtle skeletons
  A snapping turtle zombie (Depths:4)
  3 manticore zombies
  5 necrophages
  9 sky beasts
  A black bear (D:6)
  7 wolves
  21 boggarts
  30 ogres
  8 centaurs
  4 big kobolds
  14 crocodiles
  A hog skeleton (Crypt:2)
  25 bullfrogs
  A wyvern zombie (D:10)
  5 earth elementals
  A merfolk simulacrum (Depths:4)
  2 elf skeletons
  3 scorpions
  A wyvern skeleton (D:12)
  A cyclops skeleton (Crypt:2)
  Dowan (D:7)
  28 killer bees
  A polar bear zombie (Crypt:2)
  A spectral naga (Depths:4)
  A polar bear skeleton (Crypt:1)
  The ghost of P0WERM0DE the Shield-Bearer, a weakling FoFi (D:3)
  An electric eel (Lair:1)
  2 spectral ogres (Depths:4)
  15 wights
  A howler monkey (D:8)
  A spectral centaur (Depths:4)
  2 crimson imps
  3 bullfrog zombies
  9 quasits
  A yaktaur simulacrum (Vaults:1)
  2 iron imps
  7 jellies
  7 hounds
  A basilisk zombie (Crypt:1)
  4 centaur skeletons
  6 orc priests
  A gnoll shaman (D:9)
  14 orc wizards
  A soldier ant zombie (Crypt:1)
  3 bullfrog skeletons
  An iguana (D:10)
  29 worker ants
  A killer bee zombie (D:7)
  A naga skeleton (Crypt:1)
  A hound zombie (D:10)
  37 mummies
  A hound skeleton (D:10)
  Robin (D:4)
  11 gnolls
  16 adders
  A naga simulacrum (Depths:4)
  3 shadow imps
  5 white imps
  6 ufetubi
  3 adder skeletons
  3 worms
  5 dart slugs
  4 leopard geckos
  61 orcs
  10 bats
  4 giant cockroaches
  11 goblins
  9 hobgoblins
  6 jackals
  18 kobolds
  6 quokkas
  3 frilled lizards
  A goblin skeleton (Crypt:1)
  2 leopard gecko skeletons
  A leopard gecko zombie (D:8)
  A quokka zombie (D:5)
  7 rats
  A crawling corpse (Elf:3)
  A plant (Lair:4)
  14 starspawn tentacles
3386 creatures vanquished.

Vanquished Creatures (collateral kills)
  2 orbs of fire (Zot:5)
  A juggernaut (Depths:5)
  A greater mummy (Tomb:3)
  An electric golem (Zot:5)
  An Orb Guardian (Zot:5)
  2 acid blobs (Zot:4)
  3 sphinxes (Tomb:1)
  A tengu reaver (Depths:5)
  A frost giant (Depths:5)
  Roxanne (Spider:2)
  An emperor scorpion (Spider:2)
  A ghost moth (Spider:4)
  A vault warden (Vaults:2)
  A draconian scorcher (Zot:5)
  A draconian shifter (Zot:3)
  A draconian stormcaller (Zot:4)
  2 stone giants (Depths:5)
  A vampire knight (Depths:5)
  A purple draconian (Depths:5)
  3 yellow draconians (Zot:4)
  2 death oozes (Slime:5)
  A yaktaur captain (Depths:5)
  A deep troll shaman (Depths:3)
  2 death scarabs (Tomb:3)
  A tengu warrior (Depths:5)
  A titan zombie (Tomb:3)
  3 hell knights
  2 wretched stars (Abyss:3)
  A necromancer (Depths:5)
  5 oklob plants (Zot:4)
  2 ugly things (Vaults:2)
  2 wolf spiders (Spider:4)
  A vault sentinel (Vaults:5)
  2 yaktaurs
  3 guardian mummies (Tomb:3)
  A red devil (Depths:5)
  An ancient zyme (Abyss:3)
  A jumping spider (Spider:4)
  A raiju (Abyss:3)
  A flying skull (Abyss:3)
  2 spriggans (Depths:3)
  A redback (Spider:4)
  An ushabti (Tomb:2)
  A chaos spawn (Abyss:3)
  A boggart (Depths:1)
  A snapping turtle skeleton (Tomb:3)
  6 jellies (Zot:4)
  2 mummies (Tomb:3)
  A white imp (Abyss:3)
  A plant (Lair:1)
78 creatures vanquished.

Vanquished Creatures (others)
  Nikola (Swamp:1)
  A storm dragon (Zot:3)
  A ghost moth (Zot:3)
  A spark wasp (Spider:3)
  A fire dragon (Depths:4)
  An ice dragon (Zot:1)
  A great orb of eyes (Abyss:3)
  A centaur warrior (D:13)
  A deep elf mage (Elf:1)
  A moth of wrath (Zot:3)
  A komodo dragon (Lair:6)
  A wandering mushroom (Lair:6)
  2 hornets (Swamp:2)
  A raiju (Abyss:3)
  2 blink frogs (Abyss:3)
  2 spriggans (Swamp:2)
  An air elemental (Elf:3)
  A large abomination (Abyss:3)
  2 small abominations (Abyss:3)
  A swamp drake (Swamp:4)
  2 ogres (Vaults:3)
  A boggart (Depths:2)
  2 wolves (Depths:4)
  A jelly (Zot:4)
  A worker ant (Spider:2)
  A shadow imp (D:5)
  A leopard gecko (D:11)
  9 briar patches (Swamp:4)
  98 bushes (Depths:3)
  A crawling corpse (Elf:1)
  64 fungi
  A lurking horror (Abyss:2)
  61 plants
  39 starspawn tentacles
306 creatures vanquished.

Grand Total: 3770 creatures vanquished

Notes
Turn   | Place    | Note
-------+----------+-------------------------------------------
     0 | D:1      | D1HalberdGnoll the Gargoyle Monk began the quest for the
                  | Orb.
     0 | D:1      | Reached XP level 1. HP: 14/14 MP: 1/1
    88 | D:1      | Reached XP level 2. HP: 17/19 MP: 2/2
   538 | D:2      | Reached XP level 3. HP: 24/24 MP: 3/3
   715 | D:2      | HP: 1/24 [gnoll/+0 flail (12)]
   727 | D:2      | Reached XP level 4. HP: 22/29 MP: 4/4
  1089 | D:2      | Found a sacrificial altar of Ru.
  1377 | D:2      | Reached XP level 5. HP: 19/34 MP: 5/5
  1700 | D:2      | Reached skill level 5 in Maces & Flails
  1955 | D:3      | Found a hazy altar of Hepliaklqana.
  2137 | D:3      | Noticed Grinder
  2237 | D:3      | Paralysed by Grinder for 7 turns
  2263 | D:3      | Killed Grinder
  2263 | D:3      | Reached skill level 5 in Fighting
  2263 | D:3      | Reached XP level 6. HP: 24/40 MP: 6/6
  2984 | D:3      | Found a runed translucent door.
  2986 | D:3      | Noticed P0WERM0DE's ghost (weakling FoFi)
  3001 | D:3      | Reached XP level 7. HP: 39/44 MP: 7/7
  3012 | D:3      | Killed P0WERM0DE's ghost
  3569 | D:4      | Found a staircase to the Ecumenical Temple.
  3571 | D:4      | Noticed Robin
  3622 | D:4      | Killed Robin
  4128 | Temple   | Entered the Ecumenical Temple
  4272 | Temple   | Became a worshipper of the Shining One
  4272 | Temple   | Reached * piety under the Shining One
  4272 | Temple   | Reached ** piety under the Shining One
  4317 | D:5      | Entered Level 5 of the Dungeon
  4387 | D:5      | Found Kuguunei's Gadget Boutique.
  4692 | D:5      | Reached XP level 8. HP: 22/52 MP: 8/8
  4874 | D:5      | Found a deep blue altar of Sif Muna.
  5696 | D:6      | Noticed Edmund
  5717 | D:6      | Killed Edmund
  5759 | D:6      | Noticed Eustachio
  5767 | D:6      | Killed Eustachio
  6042 | D:6      | Found Qaxki's Assorted Antiques.
  6070 | D:6      | Reached XP level 9. HP: 56/59 MP: 9/9
  6309 | D:7      | Found a blossoming altar of Fedhas.
  6324 | D:7      | Reached *** piety under the Shining One
  6328 | D:7      | Reached skill level 10 in Maces & Flails
  6655 | D:7      | Found a bloodstained altar of Trog.
  6704 | D:7      | Noticed Harold
  6725 | D:7      | Killed Harold
  6725 | D:7      | Reached XP level 10. HP: 23/66 MP: 10/10
  6964 | D:7      | Found a glowing golden altar of the Shining One.
  6964 | D:7      | Found a glowing golden altar of the Shining One.
  6966 | D:7      | Found a blossoming altar of Fedhas.
  6966 | D:7      | Found a sacrificial altar of Ru.
  6987 | D:7      | Noticed Dowan
  6993 | D:7      | Killed Dowan
  7012 | D:7      | Noticed a four-headed hydra
  7018 | D:7      | Noticed Duvessa
  7050 | D:6      | Killed Duvessa
  7056 | D:6      | Killed a four-headed hydra
  7056 | D:6      | Reached skill level 10 in Fighting
  7267 | D:7      | Identified the Handbook of the Eight Boll Weevils
  7634 | D:11     | Found a staircase to the Lair.
  7858 | D:11     | Found Qaun's Jewellery Shop.
  7888 | D:11     | Found a staircase to the Orcish Mines.
  7937 | D:11     | Found a gate leading to a gauntlet.
  7973 | D:10     | Entered Level 10 of the Dungeon
  8027 | D:9      | Reached **** piety under the Shining One
  8184 | D:8      | Found an iron altar of Okawaru.
  8378 | D:8      | Reached XP level 11. HP: 73/73 MP: 11/11
  9344 | D:10     | Noticed Psyche
  9349 | D:10     | Killed Psyche
  9387 | D:10     | Noticed an unseen horror
  9397 | D:10     | Killed an unseen horror
  9410 | D:10     | Found an iron altar of Okawaru.
  9547 | D:10     | Noticed a four-headed hydra
  9547 | D:10     | Noticed an unseen horror
  9548 | D:10     | Noticed a centaur warrior
  9552 | D:10     | Killed a four-headed hydra
  9555 | D:10     | Killed an unseen horror
  9558 | D:10     | Killed a centaur warrior
  9564 | D:10     | Reached ***** piety under the Shining One
  9701 | D:10     | Noticed a two-headed ogre
  9701 | D:10     | Noticed a manticore
  9712 | D:10     | Killed a two-headed ogre
  9714 | D:10     | Killed a manticore
  9962 | D:10     | Reached XP level 12. HP: 76/81 MP: 12/12
 10062 | D:11     | Reached skill level 15 in Maces & Flails
 10510 | Lair:1   | Entered Level 1 of the Lair of Beasts
 11000 | Lair:1   | Noticed Gastronok
 11020 | Lair:1   | Killed Gastronok
 11410 | Lair:2   | Found a hole to the Spider Nest.
 12450 | Lair:3   | Reached skill level 1 in Armour
 12579 | Lair:3   | Found a dark tunnel.
 12588 | Volcano  | Entered a volcano
 12601 | Volcano  | Noticed a two-headed ogre
 12615 | Volcano  | Reached skill level 1 in Invocations
 12615 | Volcano  | Reached XP level 13. HP: 83/90 MP: 12/14
 12668 | Volcano  | Got a pair of ancient boots
 12867 | Lair:3   | Identified a scroll of acquirement
 12900 | Lair:3   | Identified the cursed -5 pair of boots of Kikubaaqudgha's
                  | Esteem {rC- rCorr Str+9 Slay-5} (You found it in a volcano)
 13537 | Lair:4   | Noticed Josephine
 13539 | Lair:4   | Killed Josephine
 13651 | Lair:4   | Reached skill level 5 in Armour
 14146 | Lair:4   | Reached skill level 5 in Invocations
 14245 | Lair:4   | HP: 2/91 [swamp worm/harpoon shot (17)]
 14857 | Lair:4   | Found a staircase to the Swamp.
 15156 | Lair:5   | Reached skill level 15 in Fighting
 15462 | Lair:5   | Gained mutation: Your large and strong wings let you fly
                  | indefinitely. [Gargoyle growth]
 15462 | Lair:5   | Reached XP level 14. HP: 76/98 MP: 19/19
 15506 | Lair:5   | Noticed a dire elephant
 15717 | Lair:5   | Killed a dire elephant
 16584 | Lair:6   | Entered Level 6 of the Lair of Beasts
 17351 | Lair:6   | Reached ****** piety under the Shining One
 18251 | Lair:6   | Found a staircase to the Slime Pits.
 18979 | Lair:6   | Reached skill level 10 in Armour
 19809 | D:12     | Reached XP level 15. HP: 105/105 MP: 22/22
 19897 | D:12     | Reached skill level 10 in Invocations
 20123 | D:12     | Found Boalleum's General Store.
 21347 | D:13     | Found a transporter.
 21830 | D:13     | Reached skill level 1 in Shields
 22960 | D:14     | Found an iron altar of Okawaru.
 23029 | D:14     | Found a gate to the Vaults.
 23168 | D:15     | Entered Level 15 of the Dungeon
 23609 | D:15     | Found a staircase to the Depths.
 24167 | Orc:1    | Entered Level 1 of the Orcish Mines
 24838 | Orc:2    | Entered Level 2 of the Orcish Mines
 24838 | Orc:2    | Found Jutiotua's Antique Weapon Shoppe.
 24839 | Orc:2    | Noticed an orc warlord
 24849 | Orc:2    | Reached XP level 16. HP: 112/112 MP: 24/24
 25436 | Orc:2    | Noticed Jorgrun
 25625 | Orc:1    | Killed Jorgrun
 25625 | Orc:1    | Reached skill level 5 in Shields
 26258 | Orc:2    | Found Urevan's General Store.
 26259 | Orc:2    | Found Leogg's Antique Armour Boutique.
 26293 | Orc:2    | Bought a potion of heal wounds for 65 gold pieces
 26323 | Orc:2    | Found a staircase to the Elven Halls.
 26324 | Orc:2    | Bought a pair of boots for 130 gold pieces
 26324 | Orc:2    | Bought an amber-encrusted scale mail for 261 gold pieces
 26324 | Orc:2    | Identified the cursed +0 scale mail "Nizary" {rN+ Str+3
                  | Dex-2} (You bought it in a shop on level 2 of the Orcish
                  | Mines)
 26334 | Orc:2    | Found Jugau's Assorted Antiques.
 26344 | Orc:2    | Bought a potion of heal wounds for 130 gold pieces
 26344 | Orc:2    | Bought a thin cabochon amulet for 130 gold pieces
 26383 | Orc:2    | Found Piabb's Magic Scroll Emporium.
 26394 | Orc:2    | Found Sostroog's Antique Weapon Boutique.
 26398 | Orc:2    | Bought a runed eveningstar for 378 gold pieces
 26521 | Orc:2    | Found Uqan's Book Emporium.
 26988 | Spider:1 | Entered Level 1 of the Spider Nest
 27696 | Spider:1 | Got an ancient buckler
 27707 | Spider:1 | Identified the +0 buckler of Untold Secrets {Str+4} (You
                  | found it on level 1 of the Spider Nest)
 28049 | Spider:2 | Noticed Roxanne
 28097 | Spider:2 | Killed Roxanne
 28708 | Spider:2 | Reached XP level 17. HP: 116/120 MP: 26/26
 29244 | Spider:3 | Found a runed translucent gate.
 29244 | Spider:3 | Found a runed translucent gate.
 29245 | Spider:3 | Found a runed translucent gate.
 29246 | Spider:3 | Noticed Etaefiv's ghost (adept FoFi)
 29921 | Spider:4 | Entered Level 4 of the Spider Nest
 31072 | Spider:4 | Found a runed translucent door.
 31072 | Spider:4 | Noticed Execuda's ghost (journeyman FeBe)
 31088 | Spider:4 | Killed Execuda's ghost
 31096 | Spider:4 | Got a faintly glowing ring mail
 31804 | Spider:4 | Got a gossamer rune of Zot
 32017 | Swamp:1  | Entered Level 1 of the Swamp
 32137 | Swamp:1  | Noticed Nikola
 32264 | Swamp:1  | Killed Nikola
 32264 | Swamp:1  | Reached skill level 10 in Shields
 32264 | Swamp:1  | Reached XP level 18. HP: 108/128 MP: 28/28
 33226 | Swamp:2  | Found a shattered altar of Ashenzari.
 34434 | Swamp:3  | Reached skill level 15 in Armour
 35010 | Swamp:4  | Entered Level 4 of the Swamp
 35124 | Swamp:4  | Reached skill level 15 in Invocations
 35190 | Swamp:4  | Found a transporter.
 35190 | Swamp:4  | Noticed Yosebu's ghost (adept MfGl)
 35357 | Swamp:4  | Noticed a tentacled monstrosity
 35370 | Swamp:4  | Found a transporter.
 35652 | Swamp:3  | Reached XP level 19. HP: 127/134 MP: 30/30
 35738 | Swamp:4  | Got a decaying rune of Zot
 35990 | Swamp:4  | Killed a tentacled monstrosity
 36437 | Vaults:1 | Entered Level 1 of the Vaults
 37513 | Vaults:1 | Found Latoofam's Book Shoppe.
 38119 | Vaults:1 | Paralysed by an ogre mage for 7 turns
 38707 | Vaults:2 | Reached XP level 20. HP: 113/142 MP: 32/32
 39426 | Vaults:2 | Noticed Margery
 39443 | Vaults:2 | Killed Margery
 39569 | Vaults:2 | Identified a +3 sacred scourge of holy wrath (a +1 demon
                  | whip blessed by the Shining One)
 39569 | Vaults:2 | Received a gift from the Shining One
 41198 | Vaults:3 | Found a staircase to the Crypt.
 41198 | Vaults:3 | Found a basalt altar of Yredelemnul.
 41199 | Vaults:3 | Found an ancient bone altar of Kikubaaqudgha.
 41773 | Vaults:3 | Reached XP level 21. HP: 148/148 MP: 33/33
 41886 | Vaults:3 | Reached skill level 15 in Shields
 42017 | Vaults:3 | Identified Pilyde's Rites and Rhymes in Simple Steps
 42995 | Vaults:4 | Noticed Mennas
 43020 | Vaults:4 | Killed Mennas
 43046 | Vaults:4 | Noticed Donald
 43059 | Vaults:4 | Killed Donald
 43542 | Depths:1 | Entered Level 1 of the Depths
 43545 | Depths:1 | Noticed Asterion
 43557 | Depths:1 | Gained mutation: Your magical capacity is low. (-10% MP) [a
                  | cacodemon]
 43565 | Depths:1 | Gained mutation: Your magical capacity is very low. (-20%
                  | MP) [a cacodemon]
 43566 | Depths:1 | Killed Asterion
 43762 | Depths:1 | Identified the +2 faerie dragon scales {rCorr Int+7 Clar}
 43762 | Depths:1 | Noticed the Enchantress
 43781 | Depths:1 | Killed the Enchantress
 43855 | Depths:1 | Found a runed translucent door.
 43858 | Depths:1 | Noticed Tytil's ghost (adept DDFi)
 43908 | Depths:1 | Killed Tytil's ghost
 44292 | Depths:1 | Found a one-way gate to the infinite horrors of the Abyss.
 44318 | Depths:1 | Paralysed by a great orb of eyes for 3 turns
 44572 | Depths:1 | Found a gateway to Hell.
 44776 | Depths:1 | Noticed Aizul
 44788 | Depths:1 | Killed Aizul
 45329 | Depths:2 | Reached XP level 22. HP: 146/158 MP: 28/28
 45817 | Depths:2 | Paralysed by a floating eye for 4 turns
 45832 | Depths:2 | Paralysed by a floating eye for 4 turns
 45870 | Depths:2 | Paralysed by a floating eye for 3 turns
 46028 | Depths:2 | Paralysed by a floating eye for 2 turns
 46040 | Depths:2 | Paralysed by a floating eye for 4 turns
 46203 | Depths:3 | Noticed Jory
 46316 | Depths:3 | Paralysed by a sphinx for 6 turns
 46320 | Depths:3 | The Shining One protects you from harm!
 46654 | Depths:3 | Killed Jory
 46681 | Depths:3 | Found the +10 large shield of Ignorance {rN+ Int-4}
 46713 | Depths:3 | Found a one-way gate leading to the halls of Pandemonium.
 47000 | Depths:3 | Paralysed by a great orb of eyes for 6 turns
 47359 | Depths:3 | Paralysed by a floating eye for 3 turns
 47360 | Depths:3 | Noticed Xtahua
 47366 | Depths:3 | Paralysed by a floating eye for 3 turns
 47385 | Depths:3 | Killed Xtahua
 48510 | Depths:4 | Reached XP level 23. HP: 138/165 MP: 29/29
 48515 | Depths:4 | Noticed a caustic shrike
 48515 | Depths:4 | Noticed a caustic shrike
 48515 | Depths:4 | Noticed a caustic shrike
 48604 | Depths:4 | You are sucked into a shaft and drop 1 floor!
 48604 | Depths:5 | Entered Level 5 of the Depths
 48634 | Depths:5 | Noticed a caustic shrike
 48634 | Depths:5 | Noticed a caustic shrike
 48634 | Depths:5 | Noticed a caustic shrike
 48634 | Depths:5 | Noticed a caustic shrike
 48646 | Depths:5 | Killed a caustic shrike
 48649 | Depths:5 | Killed a caustic shrike
 48658 | Depths:5 | Killed a caustic shrike
 48665 | Depths:5 | Killed a caustic shrike
 48710 | Depths:5 | Reached XP level 24. HP: 171/171 MP: 29/29
 48736 | Depths:5 | Noticed a juggernaut
 48746 | Depths:5 | Killed a juggernaut
 49106 | Depths:5 | Found Fuontatt's Food Shoppe.
 49696 | Depths:5 | Found a gate to the Realm of Zot.
 50303 | Crypt:1  | Entered Level 1 of the Crypt
 51392 | Crypt:2  | Reached XP level 25. HP: 178/178 MP: 29/29
 51756 | Crypt:3  | Entered Level 3 of the Crypt
 52032 | Crypt:3  | Found an ancient bone altar of Kikubaaqudgha.
 52275 | Crypt:3  | Found a staircase to the Tomb.
 52275 | Crypt:3  | Noticed an ancient lich
 52278 | Crypt:3  | Noticed Bai Suzhen
 52285 | Crypt:3  | Killed an ancient lich
 52302 | Crypt:3  | Killed Bai Suzhen
 52415 | Crypt:3  | Got a pair of warped gloves
 52633 | Crypt:3  | Identified the -2 pair of gloves "Ydalaerph" {rPois MR-
                  | Int+5} (You found it on level 3 of the Crypt)
 53075 | Tomb:1   | Entered Level 1 of the Tomb of the Ancients
 53261 | Tomb:1   | Paralysed by a sphinx for 7 turns
 53280 | Tomb:1   | Paralysed by a sphinx for 7 turns
 53687 | Tomb:1   | Noticed a greater mummy
 53692 | Tomb:1   | Noticed a greater mummy
 53696 | Tomb:1   | Killed a greater mummy
 53710 | Tomb:1   | Killed a greater mummy
 54084 | Tomb:1   | Noticed a greater mummy
 54102 | Tomb:1   | Killed a greater mummy
 54102 | Tomb:1   | Reached XP level 26. HP: 185/185 MP: 30/30
 54124 | Tomb:1   | Noticed a greater mummy
 54159 | Tomb:1   | Killed a greater mummy
 54440 | Tomb:2   | Noticed a greater mummy
 54441 | Tomb:2   | Noticed a greater mummy
 54441 | Tomb:2   | Noticed a greater mummy
 54443 | Tomb:2   | Noticed a greater mummy
 54445 | Tomb:2   | Noticed a greater mummy
 54456 | Tomb:2   | Killed a greater mummy
 54456 | Tomb:2   | Killed a greater mummy
 54764 | Tomb:3   | Entered Level 3 of the Tomb of the Ancients
 54795 | Tomb:3   | Noticed a greater mummy
 54807 | Tomb:3   | Noticed a greater mummy
 54807 | Tomb:3   | Noticed a greater mummy
 54835 | Tomb:3   | Killed a greater mummy
 54840 | Tomb:3   | Killed a greater mummy
 54855 | Tomb:3   | Noticed a greater mummy
 54860 | Tomb:3   | Noticed a greater mummy
 54864 | Tomb:3   | Noticed a greater mummy
 54864 | Tomb:3   | Noticed a greater mummy
 54865 | Tomb:3   | Noticed a greater mummy
 54947 | Tomb:3   | Killed a greater mummy
 54949 | Tomb:3   | Killed a greater mummy
 54974 | Tomb:3   | Gained mutation: You are frail. (-10% HP) [mutagenic glow]
 55066 | Tomb:3   | Got a golden rune of Zot
 55158 | Tomb:3   | Killed a greater mummy
 55169 | Tomb:3   | Killed a greater mummy
 55335 | Tomb:3   | Got a translucent pewter ring
 55337 | Tomb:3   | Got a wavering pewter amulet
 55344 | Tomb:3   | Got a sparkling marble ring
 55346 | Tomb:3   | Identified the Collected Works on Glacial Displacement
 55401 | Tomb:3   | Identified the amulet of the Past {Spirit rF+ MR+} (You
                  | found it on level 3 of the Tomb of the Ancients)
 55402 | Tomb:3   | Identified the ring of Conformity {Ice rPois} (You found it
                  | on level 3 of the Tomb of the Ancients)
 55404 | Tomb:3   | Identified the ring of Xinlyt {+Inv rCorr Int+6 Dex-3} (You
                  | found it on level 3 of the Tomb of the Ancients)
 55444 | Tomb:3   | Reached XP level 27. HP: 137/172 MP: 24/30
 55458 | Tomb:3   | Killed a greater mummy
 55464 | Tomb:3   | Killed a greater mummy
 56673 | Slime:1  | Entered Level 1 of the Pits of Slime
 56765 | Slime:1  | Gained mutation: You are clumsy. (Dex -2) [a shining eye]
 56906 | Slime:1  | Gained mutation: You tend to lose your temper in combat. [a
                  | shining eye]
 56909 | Slime:1  | Gained mutation: You are very clumsy. (Dex -4) [a shining
                  | eye]
 56913 | Slime:1  | Gained mutation: Scrolls take you a little longer to read.
                  | [a shining eye]
 56915 | Slime:1  | Gained mutation: You do not regenerate when monsters are
                  | visible. [a shining eye]
 56916 | Slime:1  | Gained mutation: Your magical capacity is extremely low.
                  | (-30% MP) [a shining eye]
 57396 | Depths:1 | Lost mutation: You are frail. (-10% HP) [potion of
                  | mutation]
 57396 | Depths:1 | Lost mutation: Your magical capacity is extremely low.
                  | (-30% MP) [potion of mutation]
 57396 | Depths:1 | Gained mutation: Your muscles are strong. (Str +2) [potion
                  | of mutation]
 57396 | Depths:1 | Gained mutation: You are covered in fur. (AC +1) [potion of
                  | mutation]
 57396 | Depths:1 | Gained mutation: Your mind is acute. (Int +2) [potion of
                  | mutation]
 58450 | Slime:4  | Gained mutation: Your body sometimes deteriorates upon
                  | taking damage. [a shining eye]
 58451 | Slime:4  | Gained mutation: You are occasionally teleported next to
                  | monsters. [a shining eye]
 58454 | Slime:4  | Gained mutation: Your magical capacity is extremely low.
                  | (-30% MP) [a shining eye]
 58794 | Slime:5  | Entered Level 5 of the Pits of Slime
 59223 | Slime:5  | Noticed the Royal Jelly
 59594 | Slime:4  | Gained mutation: You are frail. (-10% HP) [a shining eye]
 59599 | Slime:4  | Gained mutation: Scrolls take you longer to read. [a
                  | shining eye]
 60102 | Slime:5  | Killed the Royal Jelly
 60587 | Slime:5  | Got a slimy rune of Zot
 60642 | Slime:5  | Got a wavering pewter ring
 60680 | Slime:5  | Got a scorched brass ring
 60736 | Slime:5  | Identified the ring of Thoughtfulness {rN+ MP+9 Str+2} (You
                  | found it on level 5 of the Pits of Slime)
 60738 | Slime:5  | Identified the ring "Opauniodgh" {rPois Dex+2 Stlth-} (You
                  | found it on level 5 of the Pits of Slime)
 61616 | Depths:2 | Lost mutation: Scrolls take you longer to read. [potion of
                  | mutation]
 61616 | Depths:2 | Lost mutation: Your body sometimes deteriorates upon taking
                  | damage. [potion of mutation]
 61616 | Depths:2 | Lost mutation: You are very clumsy. (Dex -4) [potion of
                  | mutation]
 61948 | Elf:1    | Entered Level 1 of the Elven Halls
 62679 | Elf:2    | Found Dish's Magic Scroll Shoppe.
 62690 | Elf:2    | Bought a scroll of acquirement for 988 gold pieces
 62690 | Elf:2    | Bought a scroll of acquirement for 988 gold pieces
 62705 | Elf:2    | Found the +3 hat of Pondering {ponderous, MR+ MP+10 Int+5}
 63063 | Elf:2    | Found a runed translucent gate.
 63063 | Elf:2    | Found a runed translucent gate.
 63063 | Elf:2    | Found a runed translucent gate.
 63897 | Vaults:5 | Entered Level 5 of the Vaults
 64394 | Vaults:5 | Identified the +8 scimitar of Joyful Slaughter {venom, MR+}
 64864 | Vaults:5 | Identified the ring of Akux Vot {+Blink rF+ Dex+4}
 65271 | Vaults:5 | Identified Uliot's Collected Works on Warped Toxins
 65281 | Vaults:5 | Identified the Grimoire of Enchantment
 65598 | Vaults:5 | Identified the +6 trident of Propriety {drain, rPois Dex+7}
 65695 | Vaults:5 | Got a silver rune of Zot
 66329 | Zot:1    | Entered Level 1 of the Realm of Zot
 67004 | Depths:5 | Voluntarily entered the Abyss.
 68588 | Abyss:3  | Found a glowing golden altar of the Shining One.
 68844 | Abyss:3  | Noticed a juggernaut
 68868 | Abyss:3  | Killed a juggernaut
 68872 | Abyss:3  | Got an abyssal rune of Zot
 68998 | Abyss:3  | Found a glowing golden altar of the Shining One.
 69025 | Abyss:3  | Found a glowing golden altar of the Shining One.
 69297 | Abyss:3  | Lost mutation: Your mind is acute. (Int +2) [a neqoxec]
 69368 | Abyss:3  | Reached skill level 27 in Fighting
 69465 | Abyss:3  | Found a glowing golden altar of the Shining One.
 69816 | Abyss:3  | Paralysed by accursed screaming for 1 turns
 69946 | Abyss:3  | Paralysed by accursed screaming for 1 turns
 69987 | Abyss:3  | Found a glowing golden altar of the Shining One.
 70031 | Abyss:3  | Paralysed by accursed screaming for 1 turns
 70098 | Depths:5 | Escaped the Abyss
 70217 | Depths:4 | Found a gateway to a ziggurat.
 70376 | Depths:4 | Noticed an ancient lich
 70384 | Depths:4 | Killed an ancient lich
 71570 | Tomb:2   | Identified the +5 shortbow "Daes" {freeze, rC+ MR+ Str+3}
 71582 | Tomb:2   | Killed a greater mummy
 71588 | Tomb:2   | Killed a greater mummy
 71660 | Tomb:2   | Killed a greater mummy
 72619 | Elf:3    | Entered Level 3 of the Elven Halls
 73320 | Elf:3    | Found Vonuta's Armour Shoppe.
 73504 | Elf:3    | Identified the +9 long sword "Fuasyps" {slice, rElec rF+
                  | rC+ Stlth-}
 74029 | Elf:3    | Got a transparent lapis lazuli ring
 74141 | Elf:3    | Identified the ring of Amorality {Int+3 Dex+4 SInv} (You
                  | found it on level 3 of the Elven Halls)
 74458 | Elf:3    | Lost mutation: Your muscles are strong. (Str +2) [potion of
                  | mutation]
 74458 | Elf:3    | Gained mutation: Your mind is acute. (Int +2) [potion of
                  | mutation]
 74459 | Elf:3    | Lost mutation: You tend to lose your temper in combat.
                  | [potion of mutation]
 74459 | Elf:3    | Lost mutation: You are frail. (-10% HP) [potion of
                  | mutation]
 74459 | Elf:3    | Lost mutation: Scrolls take you a little longer to read.
                  | [potion of mutation]
 74459 | Elf:3    | Lost mutation: You are clumsy. (Dex -2) [potion of
                  | mutation]
 74459 | Elf:3    | Gained mutation: Armour fits poorly on your strangely
                  | shaped body. [potion of mutation]
 74459 | Elf:3    | Gained mutation: Your spells are a little harder to cast,
                  | but a little more powerful. [potion of mutation]
 74459 | Elf:3    | Gained mutation: You have a pair of small antennae on your
                  | head. [potion of mutation]
 74922 | Zot:1    | Found a transporter.
 75087 | Zot:1    | Identified the +4 dragonskin cloak
 75087 | Zot:1    | Noticed Tiamat
 75143 | Zot:1    | Reached skill level 27 in Invocations
 75203 | Zot:1    | Killed Tiamat
 75655 | Zot:1    | Got a sparkling platinum amulet
 75915 | Zot:1    | Identified the +0 cloak of Death's Door {+Fly Int+4}
 75915 | Zot:1    | Identified the +9 great sword of Traps {antimagic, rPois
                  | rF+++ rC- Str+2}
 75917 | Zot:1    | Noticed P0WERM0DE's ghost (adept DDFi)
 75919 | Zot:1    | Found a bloodstained altar of Trog.
 75924 | Zot:1    | Found a transporter.
 75924 | Zot:1    | Identified the cursed +3 bardiche of Cuniuphoza {chaos,
                  | +Blink}
 75924 | Zot:1    | Identified the cursed +1 broad axe of Indomitability
                  | {protect, rPois rN+}
 75925 | Zot:1    | Identified the cursed +0 cloak of Hadjma {rCorr}
 76104 | Zot:1    | Got a transparent hat
 76110 | Zot:1    | Identified the -5 hat of Lies {rN++ Str-5 Slay+2 Stlth+}
                  | (You acquired it on level 1 of the Realm of Zot)
 76117 | Zot:1    | Identified the amulet of Dithmenos's Whim {RegenMP rPois
                  | rF+ rC- Int+3 Dex+3} (You found it on level 1 of the Realm
                  | of Zot)
 77555 | Zot:3    | Reached skill level 27 in Armour
 78002 | Zot:2    | Reached skill level 5 in Dodging
 79163 | Zot:3    | Reached skill level 10 in Dodging
 80196 | Zot:4    | Noticed an orb of fire
 80216 | Zot:4    | Gained mutation: Scrolls take you a little longer to read.
                  | [an orb of fire]
 80226 | Zot:4    | Gained mutation: Scrolls take you longer to read. [an orb
                  | of fire]
 80227 | Zot:4    | Killed an orb of fire
 82222 | Zot:5    | Entered Level 5 of the Realm of Zot
 82679 | Zot:5    | Noticed an orb of fire
 82681 | Zot:5    | Noticed an orb of fire
 82681 | Zot:5    | Noticed an ancient lich
 82694 | Zot:5    | Lost mutation: Your mind is acute. (Int +2) [an orb of
                  | fire]
 82701 | Zot:5    | Noticed an ancient lich
 82721 | Zot:5    | Noticed an ancient lich
 82732 | Zot:5    | Killed an ancient lich
 82732 | Zot:5    | Noticed an orb of fire
 82735 | Zot:5    | Identified the cursed +0 large shield of Ifyadoa {MR+}
 82740 | Zot:5    | Killed an ancient lich
 82749 | Zot:5    | Gained mutation: Scrolls take you much longer to read. [an
                  | orb of fire]
 82750 | Zot:5    | Killed an orb of fire
 82760 | Zot:5    | Noticed an ancient lich
 82783 | Zot:5    | Killed an ancient lich
 82878 | Zot:5    | Killed an orb of fire
 82878 | Zot:5    | Reached skill level 15 in Dodging
 83191 | Zot:5    | Gained mutation: You are dopey. (Int -2) [an orb of fire]
 83198 | Zot:5    | Gained mutation: Your body sometimes deteriorates upon
                  | taking damage. [an orb of fire]
 83200 | Zot:5    | Killed an ancient lich
 83212 | Zot:5    | Lost mutation: Scrolls take you much longer to read. [an
                  | orb of fire]
 83215 | Zot:5    | Killed an orb of fire
 83434 | Zot:5    | Identified the +4 large shield of the Harvest {Int+2 Dex+3}
 84310 | Zot:5    | Got the Orb of Zot
 84806 | D:9      | Noticed Bitt the pandemonium lord
 84824 | D:9      | Killed Bitt the pandemonium lord
 84937 | D:4      | Noticed Xetihitit the pandemonium lord
 84952 | D:4      | Killed Xetihitit the pandemonium lord
 85074 | D:$      | Escaped with the Orb!

Levels and vault maps discovered:
D:1:      grunt_arrival_crossed_arrows, layout_rooms, minmay_tree_intersection
D:2:      layout_basic, hangedman_ru_absence
D:3:      layout_loops_ring, nicolae_overflow_crystal_walls,
          ebering_ghost_sewer_d, uniq_grinder
D:4:      layout_loops_corners, minmay_temple_entry_mist, uniq_robin
D:5:      layout_basic, lemuel_doored_altar, first_ration, serial_shops, shop,
          lemuel_flame_loot_1
D:6:      layout_cave_pods, serial_shops, shop, uniq_edmund, uniq_eustachio
D:7:      minmay_the_grid_octo_triangle [minmay_the_grid_octo_odd_swirl,
          minmay_the_grid_octo_prize_ultimate_mussel_roller,
          minmay_the_grid_octo_shrine], layout_cave_pools, bloody_trog,
          overflow_temple_1_default, dk_noncrumbling_3, grunt_livestock,
          st_stairs_9, uniq_harold, uniq_duvessa
D:8:      layout_loops_corners, lemuel_round_altar, kennysheep_generic_room_9
D:9:      layout_loops_ring
D:10:     hangedman_cross_cluster, layout_cross, basic_altar, st_stairs_9,
          kennysheep_generic_room_13, uniq_psyche
D:11:     layout_roguey, erik_lair_dragon, orc_0_dummy, gauntlet_entry_generic,
          serial_shops, nicolae_shop_trees, kennysheep_generic_room_3
D:12:     layout_layer_cave, serial_shops, nicolae_shop_stone
D:13:     emtedronai_trogs_sanctum, layout_small_grid, minivault_28
D:14:     layout_long_grid, david_vaults_4, kennysheep_another_room,
          basic_altar, hangedman_decor_push
D:15:     hangedman_depths_entry_civil_slaughter, layout_basic
Temple:   regret_index_temple_sphere_string
Lair:1:   layout_concentric_octagons, serial_bayou_shore_a, uniq_gastronok
Lair:2:   layout_regular_city, dummy_spider_entry
Lair:3:   layout_roguey [special_room_bee], enter_volcano_3
Lair:4:   layout_regular_city, palyth_hydra_swamp_entry, worms_lemuel,
          uniq_josephine
Lair:5:   mu_elephants_graveyard, layout_regular_city,
          infiniplex_staircase_pool, lemuel_fruit_tree
Lair:6:   minmay_lair_end_frog_pond, layout_hall_layers,
          minmay_slime_entry_oklob_enclosed, grunt_megastairs_5
Swamp:1:  layout_basic_swamp, evilmike_swamp_ruin_rubble_1, swamp_pool1,
          uniq_nikola
Swamp:2:  layout_basic_swamp, nicolae_swamp_feature_on_the_river_bank,
          swamp_pool3, wheals_swamp_sinkhole, lemuel_altar_in_water,
          infiniplex_staircase_pool_2
Swamp:3:  layout_basic_swamp, serial_swamp_ruin, evilmike_swamp_ruin_house_2,
          evilmike_swamp_ruin_house_1, evilmike_swamp_ruin_house_3
Swamp:4:  swamp_alternative, layout_basic_swamp, gammafunk_ghost_mausoleum
Spider:1: layout_spider_delve
Spider:2: layout_spider_delve, zaba_antful_of_joy, uniq_roxanne
Spider:3: layout_spider_delve, gammafunk_ghost_tricky_traps, nicolae_spider_nook
Spider:4: grunt_spider_rune_parallel, special_room, gammafunk_ghost_grave
Slime:1:  layout_caves, nicolae_slime_phagocytosis
Slime:2:  layout_caves
Slime:3:  layout_caves
Slime:4:  layout_caves
Slime:5
Orc:1:    layout_diamond_mine, nicolae_orc_stony_grotto
Orc:2:    grunt_orc_gardens, layout_caves, grunt_orc_garden, grunt_orc_garden,
          grunt_orc_garden, grunt_orc_garden, serial_shops, shop, shop, shop,
          uniq_jorgrun
Elf:1:    layout_loops_ring, minmay_elf_crystal_heptagon
Elf:2:    layout_loops_cross, serial_shops, nicolae_shop_waterfront,
          nrook_mini_backslash
Elf:3:    minmay_elf_hall_four_x, layout_loops_cross, serial_shops, shop
Vaults:1: vaults_mumra_chevron_long, ontoclasm_vaults_tryst,
          nicolae_vaults_what_the_h, nicolae_vaults_windows_and_doors_thing,
          hangedman_vaults_stretched_pinwheel, ontoclasm_vaults_ring_large,
          grunt_vaults_hallway_long, hangedman_vaults_capsules,
          ontoclasm_vaults_pinch, hangedman_vaults_nodes, v_misc_1,
          layout_vaults_maze, serial_shops, nicolae_shop_crystal
Vaults:2: dpeg_vaults_monster_box, vaults_dpeg_diagonal,
          nicolae_vaults_know_your_exits, nicolae_vaults_network_quincunx
          [nicolae_vaults_network_quincunx_subvault,
          nicolae_vaults_network_quincunx_subvault,
          nicolae_vaults_network_quincunx_subvault,
          nicolae_vaults_network_quincunx_subvault,
          nicolae_vaults_network_quincunx_subvault], hangedman_vaults_stream,
          v_alt_pattern_6, v_misc_3, v_misc_14,
          nicolae_vaults_network_periphery, layout_vaults_omnicross,
          uniq_margery
Vaults:3: nicolae_vaults_branching_niches, hangedman_vaults_corner_blocks,
          hangedman_vaults_trim, v_misc_9, grunt_vaults_twisty,
          minmay_crypt_entry_necro_gods, layout_vaults_omnigrid
Vaults:4: v_pattern_4, ontoclasm_vaults_spin, nicolae_vaults_sealed_display,
          hangedman_vaults_pinch, hangedman_vaults_maws, v_misc_5,
          vaults_room_grid, v_misc_24, layout_vaults_omnibox, uniq_mennas,
          uniq_donald
Vaults:5: serial_shops
Crypt:1:  layout_gridlike, grunt_crypt_arrival_split, grunt_megastairs_1
Crypt:2:  layout_gridlike
Crypt:3:  grunt_crypt_end_deaths_head, uniq_bai_suzhen
Tomb:1
Tomb:2
Tomb:3
Depths:1: layout_honeycomb, minmay_misc_feat_plants, hell_entry,
          ebering_ghost_reflecting_pool, serial_sigils,
          serial_sigils_hangedman_carve, serial_sigils_hangedman_shear,
          serial_sigils_hangedman_etch, serial_sigils_hangedman_leer,
          serial_sigils_hangedman_confine, abyss_entry_crystal, abandoned_shop,
          chequers_serial_rivers_small_3, minmay_misc_feat_doors,
          kennysheep_generic_room_8, uniq_aizul, uniq_enchantress, uniq_asterion
Depths:2: kennysheep_ambush_hall, layout_gridville,
          chequers_serial_rivers_large_b, hell_entry, grunt_megastairs_2
Depths:3: minmay_spriggan_fort, layout_twisted_cross, rand_demon_pan_entry_3,
          hell_entry, solitary_fountain, infiniplex_staircase_zigzag_5,
          uniq_xtahua, uniq_jory
Depths:4: lemuel_river_lethe, hell_entry, abyss_entry
Depths:5: grunt_zot_entry_hairpin, layout_gridlike, abyss_entry,
          rand_demon_pan_entry_5, serial_bayou_pond_a, hell_entry, serial_shops,
          nicolae_shop_crystal
Zot:1:    layout_misc_corridors, gammafunk_ghost_wrathful_warriors,
          st_grand_hoard_of_tiamat
Zot:2:    layout_misc_corridors
Zot:3:    grunt_zot_stairs_faceoff, layout_cathedral_of_symmetry,
          grunt_megastairs_4
Zot:4:    lemuel_acid_trip, layout_concentric_octagons
Zot:5:    layout_gridlike

Skill      XL: |  1  2  3  4  5  6  7  8  9 10 11 12 13 14 15 16 17 18 19 20 21 22 23 24 25 26 27 |
---------------+----------------------------------------------------------------------------------+-----
Maces & Flails | 4 6 7 9 11 13 14 16 | 16.0
Fighting       | 4 5 6 7 9 10 12 14 15 16 17 18 19 20 21 22 23 24 27 | 27.0
Armour         | 2 7 10 11 13 14 15 16 17 18 19 27 | 27.0
Invocations    | 1 6 9 11 13 14 15 16 17 19 20 21 22 27 | 27.0
Shields        | 4 7 10 11 13 14 15 17 18 19 20 22 25 | 25.0
Dodging        | 17 | 17.2
Stealth        | |  2.1
Spellcasting   | |  0.2

Action                   |  1- 3 |  4- 6 |  7- 9 | 10-12 | 13-15 | 16-18 | 19-21 | 22-24 | 25-27 || total
-------------------------+-------+-------+-------+-------+-------+-------+-------+-------+-------++-------
Melee: Mace              |    80 |     4 |       |       |       |       |       |       |       ||    84
       Flail             |       |   219 |   188 |       |       |       |       |       |       ||   407
       Morningstar       |       |       |    91 |   492 |  1027 |  1396 |   649 |       |       ||  3655
       Sacred scourge    |       |       |       |       |       |       |   981 |  1276 |  6167 ||  8424
Throw: Throwing net      |       |       |       |     2 |     1 |       |       |       |     1 ||     4
Invok: Divine Shield     |       |       |       |       |     4 |     8 |     5 |     3 |    29 ||    49
       Cleansing Flame   |       |       |       |       |       |     8 |    12 |     1 |    72 ||    93
       Summon Divine War |       |       |       |       |       |     4 |     1 |     3 |    16 ||    24
       Brand Weapon With |       |       |       |       |       |       |     1 |       |       ||     1
 Abil: Fly               |       |       |       |       |     1 |       |       |       |       ||     1
       Stop Flying       |       |       |       |       |       |       |       |       |     1 ||     1
Evoke: Wand              |       |       |     1 |     2 |     8 |    10 |       |       |     1 ||    22
       Phial of floods   |       |       |       |     1 |     2 |     2 |     1 |       |       ||     6
       Lamp of fire      |       |       |       |       |     1 |     1 |     2 |     1 |     5 ||    10
       Phantom mirror    |       |       |       |       |       |       |       |       |     2 ||     2
  Use: Potion            |     1 |       |       |       |     1 |     9 |     1 |     2 |    39 ||    53
       Scroll            |       |       |    11 |    15 |    15 |    15 |     9 |    13 |    42 ||   120
 Stab: Sleeping          |     2 |       |       |       |       |       |       |       |       ||     2
  Eat: Chunk             |       |     7 |     9 |    19 |    30 |    24 |    22 |    13 |    27 ||   151
       Ration            |       |       |     1 |       |     3 |     5 |     3 |     2 |    31 ||    45
Armor: Robe              |    30 |    14 |       |       |       |       |       |       |       ||    44
       Plate armour      |       |   187 |   274 |   138 |       |       |       |       |       ||   599
       Chain mail        |       |       |       |   205 |   663 |  1131 |   328 |       |       ||  2327
       Fire dragon scale |       |       |       |       |       |       |   289 |       |       ||   289
       Acid dragon scale |       |       |       |       |       |       |    37 |   280 |   189 ||   506
       Gold dragon scale |       |       |       |       |       |       |       |    86 |  1800 ||  1886
Dodge: Dodged            |    72 |    98 |    92 |   174 |   363 |   603 |   377 |   151 |   636 ||  2566
Block: Other             |       |       |       |       |     6 |       |       |       |       ||     6
       Buckler           |       |       |       |       |    36 |   459 |       |       |       ||   495
       Shield            |       |       |       |       |       |   136 |   707 |       |       ||   843
       Large shield      |       |       |       |       |       |       |   174 |  1092 |  7073 ||  8339

Table legend:
 A = Non-vault XP
 B = Vault XP
 C = Vault XP percentage of total XP
 D = Non-vault monster count
 E = Vault monster count
 F = Vault count percentage of total count
                 A         B        C        D         E       F
            +---------+---------+-------+---------+---------+-------
      Total | 1137842 | 1239254 |  52.1 |    2074 |    1345 |  39.3
            +---------+---------+-------+---------+---------+-------
        D:1 |      30 |       0 |   0.0 |      17 |       0 |   0.0
        D:2 |     171 |       0 |   0.0 |      26 |       0 |   0.0
        D:3 |     122 |     364 |  74.9 |      21 |       4 |  16.0
        D:4 |     147 |      37 |  20.1 |       9 |      12 |  57.1
        D:5 |     604 |       0 |   0.0 |      14 |       0 |   0.0
        D:6 |     752 |    1482 |  66.3 |      13 |       4 |  23.5
        D:7 |     677 |    2624 |  79.5 |      15 |      18 |  54.5
        D:8 |     905 |       0 |   0.0 |      16 |       0 |   0.0
        D:9 |    1524 |       0 |   0.0 |      32 |       0 |   0.0
       D:10 |    2496 |    5491 |  68.7 |      11 |      24 |  68.6
       D:11 |    1831 |     895 |  32.8 |      24 |       5 |  17.2
       D:12 |   10488 |       0 |   0.0 |      40 |       0 |   0.0
       D:13 |    9645 |    4446 |  31.6 |      35 |      11 |  23.9
       D:14 |   11205 |    4392 |  28.2 |      23 |       6 |  20.7
       D:15 |    3302 |    4938 |  59.9 |      16 |       6 |  27.3
     Lair:1 |    1659 |    2182 |  56.8 |      10 |       1 |   9.1
     Lair:2 |    5403 |       0 |   0.0 |      25 |       0 |   0.0
     Lair:3 |    1109 |    2114 |  65.6 |       3 |      27 |  90.0
     Lair:4 |    2935 |    8379 |  74.1 |      10 |      27 |  73.0
     Lair:5 |    6769 |   10021 |  59.7 |      20 |      23 |  53.5
     Lair:6 |    8010 |   15031 |  65.2 |      30 |      52 |  63.4
    Swamp:1 |    9679 |    3567 |  26.9 |      43 |       1 |   2.3
    Swamp:2 |   21623 |       0 |   0.0 |      64 |       0 |   0.0
    Swamp:3 |   12530 |    3675 |  22.7 |      41 |       7 |  14.6
    Swamp:4 |   23494 |   14262 |  37.8 |      24 |      21 |  46.7
   Spider:1 |   16936 |       0 |   0.0 |      53 |       0 |   0.0
   Spider:2 |   20651 |    7736 |  27.3 |      41 |      36 |  46.8
   Spider:3 |   13506 |       0 |   0.0 |      34 |       0 |   0.0
   Spider:4 |   19239 |   19477 |  50.3 |      43 |      47 |  52.2
    Slime:1 |   15127 |     832 |   5.2 |      20 |       3 |  13.0
    Slime:2 |    1500 |       0 |   0.0 |       3 |       0 |   0.0
    Slime:3 |    4967 |       0 |   0.0 |      11 |       0 |   0.0
    Slime:4 |   21566 |       0 |   0.0 |      40 |       0 |   0.0
    Slime:5 |   12670 |   33921 |  72.8 |      15 |      12 |  44.4
      Orc:1 |    2265 |    8707 |  79.4 |      23 |      14 |  37.8
      Orc:2 |    1574 |    3731 |  70.3 |      16 |      14 |  46.7
      Elf:1 |   26559 |    6468 |  19.6 |      41 |       9 |  18.0
      Elf:2 |   15205 |   24711 |  61.9 |      28 |      29 |  50.9
      Elf:3 |   24496 |   39942 |  62.0 |      38 |      31 |  44.9
   Vaults:1 |   24883 |   28213 |  53.1 |      46 |      38 |  45.2
   Vaults:2 |   25786 |   35558 |  58.0 |      43 |      48 |  52.7
   Vaults:3 |   27734 |   23864 |  46.2 |      51 |      30 |  37.0
   Vaults:4 |   31132 |   16198 |  34.2 |      45 |      13 |  22.4
   Vaults:5 |   29347 |  127449 |  81.3 |      37 |      92 |  71.3
    Crypt:1 |   23231 |    6075 |  20.7 |      40 |      11 |  21.6
    Crypt:2 |   29262 |       0 |   0.0 |      47 |       0 |   0.0
    Crypt:3 |       0 |   93916 | 100.0 |       0 |     128 | 100.0
     Tomb:1 |    9066 |   50972 |  84.9 |      25 |      30 |  54.5
     Tomb:2 |    3082 |   70816 |  95.8 |      14 |      71 |  83.5
     Tomb:3 |    9684 |   99278 |  91.1 |      24 |      82 |  77.4
   Depths:1 |   16317 |   18379 |  53.0 |      27 |      12 |  30.8
   Depths:2 |   28575 |   11847 |  29.3 |      34 |      14 |  29.2
   Depths:3 |   19360 |   28953 |  59.9 |      22 |      49 |  69.0
   Depths:4 |       0 |   52914 | 100.0 |       0 |      98 | 100.0
   Depths:5 |   59855 |   26181 |  30.4 |      42 |      19 |  31.1
      Zot:1 |   26493 |   58526 |  68.8 |      14 |      25 |  64.1
      Zot:2 |   62363 |       0 |   0.0 |      42 |       0 |   0.0
      Zot:3 |   95370 |   48388 |  33.7 |      59 |      29 |  33.0
      Zot:4 |   19036 |   27363 |  59.0 |       6 |      36 |  85.7
      Zot:5 |   19479 |  156355 |  88.9 |      12 |      41 |  77.4
    Abyss:1 |   29049 |    8152 |  21.9 |      55 |      16 |  22.5
    Abyss:2 |   36589 |       0 |   0.0 |      65 |       0 |   0.0
    Abyss:3 |  177664 |   16384 |   8.4 |     335 |       9 |   2.6
    Abyss:4 |    1114 |     759 |  40.5 |       1 |       1 |  50.0
    Volcano |       0 |    3289 | 100.0 |       0 |       9 | 100.0
            +---------+---------+-------+---------+---------+-------
